 Dungeon Crawl Stone Soup version 0.22-a0-322-g60b3cfd (webtiles) character file.

175 Goblin1989 the Changer (level 5, 0/57 HPs)
             Began as a Demonspawn Transmuter on Apr 4, 2018.
             Was an Initiate of Fedhas.
             Succumbed to a worker ant's poison
             ... on level 3 of the Dungeon.
             The game lasted 00:11:50 (5620 turns).

Goblin1989 the Changer (Demonspawn Transmuter)      Turns: 5620, Time: 00:11:51

Health: 0/57       AC:  3    Str: 17    XL:     5   Next: 29%
Magic:  8/8        EV: 12    Int: 14    God:    Fedhas [......]
Gold:   176        SH:  0    Dex: 13    Spells: 2/8 levels left

rFire    . . .     SeeInvis .   R - +2 short sword (drain)
rCold    . . .     Gourm    .   (no shield)
rNeg     . . .     Faith    .   b - +0 robe
rPois    .         Spirit   .   (no helmet)
rElec    .         Reflect  .   (no cloak)
rCorr    .         Harm     .   (no gloves)
MR       .....                  (no boots)
Stlth    ..........             (no amulet)
HPRegen  0.19/turn              (no ring)
MPRegen  0.11/turn              (no ring)

@: berserking, lethally poisoned (0 -> -5), flying, very slightly contaminated,
hasted, drained, invisible, very quick
A: rugged brown scales 1, powered by pain 2
a: Fungal Bloom, Renounce Religion


You were on level 3 of the Dungeon.
You worshipped Fedhas.
Fedhas was noncommittal.
You were not hungry.

You visited 1 branch of the dungeon, and saw 4 of its levels.

You collected 176 gold pieces.

Inventory:

Hand Weapons
 R - a +2 short sword of draining (weapon)
Missiles
 a - 54 arrows
 q - 65 stones (quivered) {@Q3}
Armour
 b - a +0 robe (worn)
Wands
 v - a wand of scattershot (8)
 P - a wand of paralysis (14)
Scrolls
 f - 2 scrolls of immolation {unknown}
 l - 2 scrolls of teleportation {unknown}
 n - 3 scrolls of magic mapping {unknown}
 o - 4 scrolls of remove curse {unknown}
 p - a scroll of noise {unknown}
 s - 6 scrolls of identify {unknown}
 u - a scroll of amnesia {unknown}
 w - a scroll of fog {unknown}
 T - a scroll of random uselessness {unknown}
 U - a scroll of enchant weapon {unknown}
Potions
 g - a potion of cancellation {unknown}
 i - a potion of might {unknown}
 k - a potion of flight
 t - a potion of ambrosia {unknown}
Comestibles
 e - 8 rations
 S - 2 chunks of flesh


   Skills:
 + Level 1.4(0.8) Fighting
 * Level 0.2(0.0) Short Blades
 + Level 2.0(1.5) Dodging
 - Level 3.0(2.4) Unarmed Combat
 - Level 2.0(1.4) Spellcasting
 - Level 4.5(3.9) Transmutations


You had 2 spell levels left.
You knew the following spells:

 Your Spells              Type           Power        Failure   Level  Hunger
a - Beastly Appendage     Tmut           ##....       4%          1    ##.....
b - Sticks to Snakes      Tmut           ##......     8%          2    ###....
c - Spider Form           Tmut/Pois      #.........   34%         3    ####...


Dungeon Overview and Level Annotations

Branches:
Dungeon (4/15)
 Temple: D:4-7

Altars:
Fedhas
Kikubaaqudgha
The Shining One

Annotations:
D:4 Robin


Innate Abilities, Weirdness & Mutations

You are partially covered in rugged brown scales. (AC +1, +3% HP)
You sometimes gain power by taking damage.


Message History

The goblin no longer looks unusually strong.
The hobgoblin no longer looks unusually strong.
The worker ant bites you.
You are poisoned.
The worker ant poisons you! The worker ant bites you.
You take 5 damage, and have 28/38 hp.
You feel sick.
The goblin no longer looks unusually strong.
The goblin shoots a stone.
The stone barely misses you.
There is an open door here.
You see here a stone.
You take 1 damage, and have 27/38 hp.
You feel sick.
You take 1 damage, and have 26/38 hp.
You feel sick.
You take 1 damage, and have 25/38 hp.
The goblin no longer looks unusually strong.
You feel sick.
You take 1 damage, and have 25/38 hp.
The worker ant barely misses you.
There is an open door here.
You feel sick.
You take 1 damage, and have 24/38 hp.
You feel sick.
There is an open door here.
You take 1 damage, and have 23/38 hp.
The worker ant barely misses you.
You feel sick.
You feel sick.
The worker ant bites you but does no damage.
You take 1 damage, and have 22/38 hp.
The goblin hits you.
There is a stone staircase leading up here.
You take 3 damage, and have 19/38 hp.
Unknown command.
The worker ant barely misses you.
You climb upwards.
You feel sick.
There is a stone staircase leading down here.
You take 1 damage, and have 18/38 hp.
Unknown command.
The goblin hits you.
The worker ant bites you but does no damage.
The goblin barely misses you.
You feel sick.
You take 1 damage, and have 17/38 hp.
The worker ant completely misses you.
You feel sick.
You are no longer poisoned.
You take 1 damage, and have 16/38 hp.
You barely miss the worker ant.
The worker ant is moderately wounded.
The worker ant bites you.
* * * LOW HITPOINT WARNING * * *
You are poisoned.
The worker ant poisons you!
You take 4 damage, and have 12/38 hp.
You hit the worker ant but do no damage.
You drain the worker ant!
The worker ant is moderately wounded.
You feel sick.
The worker ant bites you but does no damage.
The worker ant bites you.
* * * LOW HITPOINT WARNING * * *
You take 6 damage, and have 6/38 hp.
It was a potion of flight.
You feel very buoyant.
You fly up into the air.
* * * LOW HITPOINT WARNING * * *
You feel sick. The worker ant bites you.
* * * LOW HITPOINT WARNING * * *
You are more poisoned.
The worker ant poisons you!
You take 3 damage, and have 3/38 hp.
It was a potion of haste.
You feel yourself speed up.
* * * LOW HITPOINT WARNING * * *
You feel sick. The worker ant closely misses you.
You take 1 damage, and have 2/38 hp.
It was a potion of invisibility.
You fade into invisibility!
The worker ant barely misses you.
You are very lightly contaminated with residual magic.
It was a potion of berserk rage.
A red film seems to cover your vision as you go berserk!
You feel yourself moving faster!
You feel mighty!
* * * LOW HITPOINT WARNING * * *
You feel sick. The worker ant closely misses you.
You now have 2/57 hp.
You are too berserk!
Unknown command.
You closely miss the worker ant.
The worker ant is moderately wounded.
* * * LOW HITPOINT WARNING * * *
You feel sick. The worker ant barely misses you.
You take 1 damage, and have 1/57 hp.
You barely miss the worker ant.
The worker ant is moderately wounded.
You barely miss the worker ant.
The worker ant is moderately wounded.
You die...
Fedhas appreciates your contribution to the ecosystem. )..........████..██ ...........█..█).█ .....████..█..█..█ .....█ █..██∆█..██ ██████

█..P......█
█.........█
██...█....█
█.....█.██
█████.█@█
██ █.█a█ .█
█.█g█ .█
█...█ .█
██..█ ██
█..█ ██.██


███████ █..█ ......█ █.>█ You could see a worker ant and a goblin.

Vanquished Creatures
  A worker ant (D:3)
  4 gnolls (D:3)
  4 adders
  2 worms
  3 leopard geckos
  5 orcs
  3 bats
  5 giant cockroaches
  4 goblins
  8 hobgoblins
  10 jackals
  5 kobolds
  A quokka (D:2)
  2 frilled lizards (D:2)
  7 rats
64 creatures vanquished.

Notes
Turn   | Place    | Note
-------+----------+-------------------------------------------
     0 | D:1      | Goblin1989 the Demonspawn Transmuter began the quest for the Orb.
     0 | D:1      | Reached XP level 1. HP: 15/15 MP: 3/3
    56 | D:1      | Reached skill level 2 in Transmutations
   519 | D:1      | Gained mutation: You are partially covered in rugged brown scales. (AC +1, +3% HP) [demonic ancestry]
   519 | D:1      | Reached XP level 2. HP: 13/21 MP: 5/5
   552 | D:1      | Learned a level 2 spell: Sticks to Snakes
   909 | D:1      | Found a glowing golden altar of the Shining One.
  1482 | D:1      | Reached skill level 3 in Transmutations
  2028 | D:2      | Gained mutation: You sometimes gain a little power by taking damage. [demonic ancestry]
  2028 | D:2      | Reached XP level 3. HP: 26/26 MP: 6/6
  2821 | D:2      | Reached XP level 4. HP: 13/32 MP: 4/7
  3070 | D:2      | Learned a level 3 spell: Spider Form
  3074 | D:2      | Reached skill level 4 in Transmutations
  3950 | D:3      | Noticed a phantom
  4495 | D:3      | Gained mutation: You sometimes gain power by taking damage. [demonic ancestry]
  4495 | D:3      | Reached XP level 5. HP: 17/38 MP: 5/8
  4852 | D:3      | Found a blossoming altar of Fedhas.
  4862 | D:3      | Became a worshipper of Fedhas Madash
  5184 | D:4      | Noticed Robin
  5262 | D:4      | Found a glowing golden altar of the Shining One.
  5541 | D:4      | Found an ancient bone altar of Kikubaaqudgha.
  5617 | D:3      | HP: 2/57 [poisoned by a worker ant]
  5620 | D:3      | Succumbed to a worker ant's poison

Vault maps used:
D:1:      dpeg_arrival_orchard, tso_metal_star
D:2:      minmay_misc_feat_roman
D:3:      fedhas_altar_fruit_tree, first_ration, minmay_misc_feat_pillars,
          corexii_shack
D:4:      kennysheep_little_box, kennysheep_mini, uniq_robin

Skill      XL: |  1  2  3  4  5 |
---------------+----------------+-----
Transmutations | 2 3 4 |  4.5
Dodging        | 2 |  2.0
Unarmed Combat | 3 |  3.0
Fighting       | |  1.4
Short Blades   | |  0.2
Spellcasting   | |  2.0

Action                   |  1- 3 |  4- 6 || total
-------------------------+-------+-------++-------
Melee: Unarmed           |   203 |   103 ||   306
       Punch             |     1 |       ||     1
       Short sword       |       |    10 ||    10
 Cast: Sticks to Snakes  |     3 |       ||     3
       Spider Form       |       |     6 ||     6
  Use: Potion            |       |     4 ||     4
  Eat: Chunk             |     5 |     4 ||     9
       Ration            |       |     2 ||     2
Armor: Robe              |    44 |    12 ||    56
       Skin              |       |     1 ||     1
Dodge: Dodged            |   119 |    68 ||   187

Table legend:
 A = Spawn XP
 B = Non-spawn XP
 C = Spawn XP percentage of total XP
 D = Spawn monster count
 E = Non-spawn monster count
 F = Spawn count percentage of total count
 G = Total turns spent on level
                    A         B        C        D         E        F      G
               +---------+---------+-------+---------+---------+-------+---------
         Total |       0 |     251 |   0.0 |       0 |      64 |   0.0 |  5620
               +---------+---------+-------+---------+---------+-------+---------
           D:1 |       0 |      30 |   0.0 |       0 |      17 |   0.0 |  1559
           D:2 |       0 |      77 |   0.0 |       0 |      24 |   0.0 |  1861
           D:3 |       0 |     125 |   0.0 |       0 |      20 |   0.0 |  1821
           D:4 |       0 |      19 |   0.0 |       0 |       3 |   0.0 |   379
               +---------+---------+-------+---------+---------+-------+---------

Vault maps used:
D:1:      dpeg_arrival_orchard, tso_metal_star
D:2:      minmay_misc_feat_roman
D:3:      fedhas_altar_fruit_tree, first_ration, minmay_misc_feat_pillars,
          corexii_shack
D:4:      kennysheep_little_box, kennysheep_mini, uniq_robin
